 Dungeon Crawl Stone Soup version 0.19.1 (webtiles) character file.

25 Kwzr the Caller (level 2, -6/19 HPs)
             Began as a Mummy Summoner on Dec 27, 2016.
             Mangled by a worm (11 damage)
             ... on level 2 of the Dungeon.
             The game lasted 00:06:49 (1760 turns).

Kwzr the Caller (Mummy Summoner)                    Turns: 1760, Time: 00:06:49

Health: -6/19      AC:  3    Str: 11    XL:     2   Next: 82%
Magic:  2/5        EV: 12    Int: 14    God:
Gold:   33         SH:  0    Dex: 12    Spells: 2 memorised, 3 levels left

rFire  x . .     SeeInvis .     k - +0 spear
rCold  + . .     Gourm    .     a - +0 robe
rNeg   + + +     Faith    .     (no shield)
rPois  ∞         Spirit   .     (no helmet)
rElec  .         Reflect  .     (no cloak)
rCorr  .         Harm     .     (no gloves)
MR     .....                    d - +0 pair of boots
Stlth  ++........               (no amulet)
                                (no ring)
                                (no ring)

@: no status effects
A: no food or potions, fire vulnerability, cold resistance 1, negative energy
resistance 3, torment resistance, unbreathing
a: no special abilities


You were on level 2 of the Dungeon.
You were not hungry.

You visited 1 branch of the dungeon, and saw 2 of its levels.

You collected 33 gold pieces.

Inventory:

Hand Weapons
 h - a +0 club
 k - a +0 spear (weapon)
Missiles
 e - 2 tomahawks of dispersal
 f - 38 arrows
 g - 33 stones (quivered)
 m - 12 poisoned needles
Armour
 a - a +0 robe (worn)
 d - a +0 pair of boots (worn)
Scrolls
 c - a scroll of fog {unknown}
 i - a scroll of amnesia {unknown}
 j - a scroll of magic mapping {unknown}
 l - a scroll of blinking {unknown}
Books
 b - a book of Callings

   Spells                             Type                      Level
   a - Summon Small Mammal            Summoning                    1
   b - Call Imp                       Summoning                    2
   c - Call Canine Familiar           Summoning                    3
   d - Summon Guardian Golem          Hexes/Summoning              3
   e - Summon Lightning Spire         Summoning/Air                4
   f - Summon Ice Beast               Ice/Summoning                4


   Skills:
 + Level 1.9 Dodging
 - Level 1.5 Stealth
 + Level 2.5 Spellcasting
 + Level 3.5 Summonings


You had 3 spell levels left.
You knew the following spells:

 Your Spells              Type           Power        Failure   Level  Hunger
a - Summon Small Mammal   Summ           ##..         6%          1    N/A
b - Call Imp              Summ           ##......     10%         2    N/A

Dungeon Overview and Level Annotations

Branches:
Dungeon (2/15)

Altars:
Ashenzari
Gozag
Kikubaaqudgha
Qazlal


Innate Abilities, Weirdness & Mutations

You do not eat or drink.
Your flesh is vulnerable to fire.
You are immune to poison.
Your flesh is cold resistant. (rC+)
You are immune to negative energy. (rN+++)
You are immune to unholy pain and torment.
You can survive without breathing.


Message History

The worm bites you but does no damage.
Your white imp barely misses the worm.
Attack whom?
Press: ? - help, Dir - move target cursor, f - worm
Aim: a worm (lightly wounded)
You reach to attack!
You hit the worm.
The worm is lightly wounded.
Your white imp gestures at the worm.
The puff of frost hits the worm.
You hit the worm but do no damage.
The worm is severely wounded.
The worm bites you!
Ouch! That really hurt!
* * * LOW HITPOINT WARNING * * *
Your white imp hits the worm but does no damage.
You hit the worm.
The worm is severely wounded.
Your white imp barely misses the worm.
The worm bites you!
Ouch! That really hurt!
You die...

#......l.
#######........
.....#...).g..
##...#........
...........PP
#......bPP.
#...#
#########...#
#.._#_..#.@.#
##...#...#.w.#
#....#...).5.#
#..#####..)..#
#..........###
############


You could see a worm and a friendly white imp.

Vanquished Creatures
  A kobold (D:1)
  3 bats (D:1)
  2 frilled lizards (D:1)
  2 goblins (D:1)
  3 rats (D:1)
11 creatures vanquished.

Vanquished Creatures (collateral kills)
  An adder (D:2)
  A giant cockroach (D:1)
  2 goblins (D:1)
  3 hobgoblins
  4 kobolds
  2 bats
  A frilled lizard (D:1)
  A rat (D:1)
15 creatures vanquished.

Grand Total: 26 creatures vanquished

Notes
Turn   | Place    | Note
-------+----------+-------------------------------------------
     0 | D:1      | Kwzr the Mummy Summoner began the quest for the Orb.
     0 | D:1      | Reached XP level 1. HP: 13/13 MP: 3/3
   239 | D:1      | Found a shattered altar of Ashenzari.
   876 | D:1      | Reached XP level 2. HP: 8/19 MP: 1/5
  1075 | D:1      | Learned a level 2 spell: Call Imp
  1694 | D:2      | Noticed a fire elemental
  1698 | D:2      | Found a stormy altar of Qazlal.
  1699 | D:2      | Noticed a water elemental
  1699 | D:2      | Noticed an air elemental
  1699 | D:2      | Noticed an earth elemental
  1716 | D:2      | Found an ancient bone altar of Kikubaaqudgha.
  1742 | D:2      | Found an opulent altar of Gozag.
  1760 | D:2      | Mangled by a worm

Action                   || total
-------------------------++-------
Melee: Unarmed           ||    19
       Club              ||    25
       Spear             ||    25
Throw: Stone             ||     2
 Cast: Summon Small Mamm ||    18
       Call Imp          ||    11
 Stab: Sleeping          ||     1
Armor: Robe              ||    25
Dodge: Dodged            ||    61
